cohdb
Replays
Latest Replays
All Replays
Popular Replays
Top Player Replays
Match Explorer
How It Works
Community
CoH3 Stats
Reddit
Sign in to upload your games and track your stats! →
Sign in with Steam
Match 37552000
Unlisted
Match 37552000
Overview
Messages
Build Orders
End
Selects Airborne Battlegroup
Selects Pathfinders
Pathfinder Squad
Pathfinder Squad
Construct Weapon Support Center
M1919 Machine Gun Team
Infantry Support Center
Selects Paratrooper Squad Paradrop
Paratrooper Squad Paradrop
Construct Medical Station
Paratrooper Squad Paradrop
Construct Motor Pool
M8 Greyhound Armored Car
Selects Smoke Bombing Run
Selects Supply Drop
GL1TCH
Turtleboy
0
0
Comments
sign in to comment!
No comments posted yet!